 Dungeon Crawl Stone Soup version 0.28.0-1-gb440e238dd (webtiles) character file.

Game seed: 11481675633884874927

7430 Kaptain the Geomancer (level 11, -1/64 HPs)
             Began as a Gargoyle Earth Elementalist on Feb 24, 2022.
             Killed from afar by a rakshasa (25 damage)
             ... with a lance of force
             ... on level 1 of the Abyss.
             The game lasted 00:25:24 (10597 turns).

Kaptain the Geomancer (GrEE)                       Turns: 10597, Time: 00:25:25

Health: -1/64      AC: 17    Str: 13    XL:     11   Next: 15%
Magic:  3/21       EV: 12    Int: 25    God:
Gold:   568        SH:  0    Dex: 13    Spells: 17/24 levels left

rFire   . . .      SeeInvis .   G - +7 mace of Luxury {pain, Dex+3}
rCold   . . .      Faith    .   (no shield)
rNeg    + . .      Spirit   .   w - +0 ring mail {Will+}
rPois   ∞          Reflect  .   y - +0 helmet
rElec   +          Harm     .   x - +0 cloak
rCorr   .          Rampage  .   B - +0 pair of gloves
Will    +....                   (no boots)
Stlth   +++.......              p - amulet of regeneration
HPRegen 1.00/turn               K - +6 ring of intelligence
MPRegen 0.17/turn               (no ring)

@: no status effects
A: sickness immunity, AC +8, negative energy resistance 1, electricity
resistance, torment resistance 1, petrification resistance
a: no special abilities


You were on level 1 of the Abyss.
You visited 2 branches of the dungeon, and saw 11 of its levels.
You visited the Abyss 1 time.

You collected 568 gold pieces.

Inventory:

Hand Weapons
 f - a +0 hunting sling
 m - a +1 dagger of protection
 q - a +1 short sword of electrocution
 u - a +1 dagger of venom
 v - a +0 trident
 G - the +7 mace of Luxury (weapon) {pain, Dex+3}
   (You found it on level 4 of the Dungeon)

   In the hands of one skilled in necromantic magic, it inflicts extra damage on
   living creatures.
   Dex:       It affects your dexterity (+3).
Missiles
 c - 196 stones
 d - 4 javelins
 g - 3 boomerangs
 i - 9 poisoned darts
 C - 42 sling bullets
 F - 4 curare-tipped darts
Armour
 n - a +4 plate armour
 w - a +0 ring mail of willpower (worn)
 x - a +0 cloak (worn)
 y - a +0 helmet (worn)
 B - a +0 pair of gloves (worn)
 L - +0 steam dragon scales
 Q - an orb of energy
Jewellery
 l - an amulet of reflection
 p - an amulet of regeneration (around neck)
 K - a +6 ring of intelligence (left hand)
Wands
 M - a wand of polymorph (26)
 O - a wand of digging (3)
 P - a wand of acid (10)
 R - a wand of iceblast (10)
Scrolls
 h - 6 scrolls of teleportation
 j - 3 scrolls of fear
 k - a scroll of magic mapping
 z - a scroll of enchant armour {unknown}
 E - a scroll of acquirement
 H - 3 scrolls of immolation
 I - a scroll of enchant weapon {unknown}
 J - a scroll of fog {unknown}
Potions
 a - 2 potions of berserk rage
 b - a potion of curing
 e - a potion of lignification
 o - 5 potions of ambrosia
 s - a potion of flight {unknown}
 t - 4 potions of heal wounds
 A - 2 potions of degeneration
 N - 3 potions of brilliance


   Skills:
 + Level 5.5 Fighting
 + Level 5.4 Armour
 + Level 4.7 Dodging
 + Level 6.8 Stealth
 * Level 7.3 Spellcasting
 * Level 8.0 Conjurations
 - Level 1.3 Transmutations
 * Level 9.8 Earth Magic


You had 17 spell levels left.
You knew the following spells:

 Your Spells              Type           Power      Damage    Failure   Level
a - Sandblast             Erth           100%       2d20      1%          1
b - Stone Arrow           Conj/Erth      100%       3d13      1%          3
c - Mephitic Cloud        Conj/Pois/Air  22%        N/A       13%         3

Your spell library contained the following spells:

 Spells                   Type           Power      Damage    Failure   Level
 Magic Dart               Conj           100%       1d8       1%          1
 Passwall                 Tmut/Erth      30%        N/A       1%          2
 Slow                     Hex            36%        N/A       13%         1
 Petrify                  Tmut/Erth      36%        N/A       13%         4
 Animate Armour           Summ/Erth      66%        N/A       17%         4
 Call Imp                 Summ           9%         N/A       21%         2
 Corpse Rot               Necr/Air       18%        N/A       21%         2
 Poisonous Vapours        Pois/Air       18%        N/A       21%         2
 Ignite Poison            Fire/Tmut/Pois 11%        N/A       32%         3
 Confusing Touch          Hex            9%         N/A       36%         3
 Vampiric Draining        Necr           9%         2d6       36%         3
 Freezing Cloud           Conj/Ice/Air   11%        6-21      75%         5
 Lehudib's Crystal Spear  Conj/Erth      26%        10d7      100%        8


Dungeon Overview and Level Annotations

Branches:
Dungeon (10/15)            Temple (1/1) D:5            Lair (0/6) D:10
    Orc: D:9-12

Altars:
Ashenzari
Cheibriados
Elyvilon
Fedhas
Gozag
Hepliaklqana
Kikubaaqudgha
Makhleb
Nemelex Xobeh
Okawaru
Qazlal
Ru
Sif Muna
Trog
Uskayaw
Vehumet
Wu Jian
Xom
Yredelemnul
Zin
The Shining One

Annotations:
D:10 Psyche


Innate Abilities, Weirdness & Mutations

You are immune to sickness and miasma.
Your stone body is resilient. (AC +8)
You are immune to poison.
You resist negative energy. (rN+)
You are resistant to electric shocks. (rElec)
You are resistant to unholy torment.
You are immune to petrification.


Message History

The small abomination is heavily damaged.
The small abomination barely misses you.
The rakshasa hits you from afar with a +0 trident.
Casting: Stone Arrow (safe; 1% risk of failure)
Confirm with . or Enter, or press ? or * to list all spells.
Aiming: Stone Arrow (safe; 1% risk of failure)
Press: ? - help, Shift-Dir - straight line, f/p - small abomination
Aim: a small abomination (heavily damaged, 78% to hit)
The stone arrow hits the small abomination!
The small abomination is almost destroyed.
The small abomination hits you but does no damage.
The rakshasa hits you from afar with a +0 trident.
Casting: Stone Arrow (safe; 1% risk of failure)
Confirm with . or Enter, or press ? or * to list all spells.
Aiming: Stone Arrow (safe; 1% risk of failure)
Press: ? - help, Shift-Dir - straight line, f/p - small abomination
Aim: a small abomination (almost destroyed, 78% to hit)
The stone arrow hits the small abomination!
You destroy the small abomination!
That felt strangely unrewarding.
The rakshasa closely misses you.
Unknown command.
Casting: Stone Arrow (safe; 1% risk of failure)
Confirm with . or Enter, or press ? or * to list all spells.
Aiming: Stone Arrow (safe; 1% risk of failure)
Press: ? - help, Shift-Dir - straight line, f - rakshasa
Aim: a rakshasa, wielding a +0 trident and wearing a +0 robe (66% to hit)
The stone arrow hits the rakshasa!!
The rakshasa is heavily wounded.
The ufetubus shouts!
The rakshasa hits you from afar with a +0 trident!
Casting: Stone Arrow (safe; 1% risk of failure)
Confirm with . or Enter, or press ? or * to list all spells.
Aiming: Stone Arrow (safe; 1% risk of failure)
Press: ? - help, Shift-Dir - straight line, f/p - rakshasa
Aim: a rakshasa, wielding a +0 trident and wearing a +0 robe (moderately wounded, 66% to hit)
The stone arrow hits the rakshasa!!
The rakshasa is severely wounded.
The rakshasa gestures at you. The lance of force hits you!!
You die...

.##. ..... #.#. #
#...# # .# # #...####
### .#.. .......#.##
.##...#
#5#.R.#.#...##
#.#.##.#.....# #.@#
..# ...##
..........#.#. ..##.#
..##....##.##.#####..
......#. .##. ...#
......##.###...#..##
##.... . #.#...#.#
...##. . #..G#.#.###
.## .# #..##. . #.
#.. .#. ..# ..#


You could see a rakshasa and an ufetubus.

Vanquished Creatures
  A two-headed ogre (D:9)
  Maggie (D:6)
  A komodo dragon (D:10)
  Sigmund (D:5)
  5 wyverns
  2 small abominations (Abyss:1)
  A wraith (D:9)
  A basilisk (D:10)
  4 yaks (D:10)
  4 vampire mosquitoes
  3 water moccasins (D:10)
  An ice beast (D:6)
  An orc warrior (D:8)
  2 black bears (D:10)
  5 necrophages
  A wolf (D:10)
  3 sky beasts
  An ogre (D:7)
  2 centaurs
  2 phantoms (D:5)
  A gnoll sergeant (D:9)
  2 bullfrogs (D:8)
  2 scorpions
  A wyvern skeleton (D:6)
  A water moccasin skeleton (D:6)
  11 killer bees
  9 wights
  A bullfrog zombie (D:6)
  5 centaur zombies
  2 gnoll shamans
  A hound (D:6)
  2 jellies (D:5)
  3 orc priests
  2 iguanas
  4 orc wizards
  A killer bee zombie (D:8)
  4 howler monkey zombies
  18 gnolls
  6 adders
  A shadow imp (D:6)
  2 white imps
  An ufetubus (D:6)
  A worm (D:2)
  A dart slug (D:2)
  20 orcs
  5 ball pythons
  3 bats
  7 endoplasms
  2 giant cockroaches
  5 goblins
  9 hobgoblins
  3 jackals (D:3)
  4 kobolds
  3 quokkas
  A ball python skeleton (D:2)
  A frilled lizard (D:1)
  4 rats
191 creatures vanquished.

Vanquished Creatures (others)
  A fungus (D:10)
  10 plants (D:10)
11 creatures vanquished.

Grand Total: 202 creatures vanquished

Notes
Turn   | Place    | Note
-------+----------+-------------------------------------------
     0 | D:1      | Kaptain the Gargoyle Earth Elementalist began the quest for
                  | the Orb.
     0 | D:1      | Reached XP level 1. HP: 10/10 MP: 3/3
   400 | D:1      | Reached skill level 1 in Transmutations
   400 | D:1      | Reached XP level 2. HP: 15/15 MP: 3/5
  1423 | D:2      | Reached skill level 4 in Earth Magic
  1423 | D:2      | Reached XP level 3. HP: 19/19 MP: 3/6
  1434 | D:2      | Learned a level 3 spell: Stone Arrow
  1648 | D:2      | Reached XP level 4. HP: 24/24 MP: 5/7
  2498 | D:3      | Found a faded altar of an unknown god.
  2714 | D:3      | Noticed a +0 dagger
  2714 | D:3      | Noticed a +0 hand axe
  2715 | D:3      | Found a hide-covered altar of Uskayaw.
  2873 | D:3      | Reached skill level 1 in Fighting
  2873 | D:3      | Reached skill level 1 in Conjurations
  2873 | D:3      | Reached XP level 5. HP: 29/29 MP: 5/9
  3432 | D:4      | Learned a level 3 spell: Mephitic Cloud
  3685 | D:4      | Reached skill level 1 in Armour
  3822 | D:4      | You fall into a shaft and drop 3 floors!
  3822 | D:7      | Noticed an ogre
  3845 | D:7      | Reached XP level 6. HP: 34/34 MP: 3/10
  3924 | D:7      | Found a bloodstained altar of Trog.
  4043 | D:7      | Reached skill level 5 in Earth Magic
  4182 | D:6      | Noticed an ice beast
  4201 | D:6      | Killed an ice beast
  4202 | D:6      | Reached XP level 7. HP: 29/40 MP: 0/12
  4322 | D:6      | Identified a scroll of acquirement
  4370 | D:5      | Entered Level 5 of the Dungeon
  4542 | D:5      | Reached skill level 6 in Earth Magic
  4542 | D:5      | Reached XP level 8. HP: 45/45 MP: 10/14
  4753 | D:5      | Found an ancient bone altar of Kikubaaqudgha.
  4919 | D:4      | Identified the +7 mace of Luxury {pain, Dex+3}
  5207 | D:5      | Found an iron altar of Okawaru.
  5303 | D:5      | Found a hazy altar of Hepliaklqana.
  5336 | D:5      | Found a staircase to the Ecumenical Temple.
  5340 | D:5      | Noticed Sigmund
  5349 | D:5      | Killed Sigmund
  5356 | Temple   | Entered the Ecumenical Temple
  5906 | D:6      | Found a burning altar of Makhleb.
  5958 | D:6      | Noticed Maggie
  6060 | D:6      | HP: 1/46 [Maggie (7)]
  6062 | D:6      | Killed Maggie
  6063 | D:6      | Reached skill level 5 in Spellcasting
  6063 | D:6      | Reached skill level 5 in Conjurations
  6063 | D:6      | Reached skill level 7 in Earth Magic
  6063 | D:6      | Reached XP level 9. HP: 5/51 MP: 0/16
  6232 | D:6      | Reached skill level 5 in Stealth
  7268 | D:7      | Identified the +1 ring mail of the Dice {-Cast rElec Regen+
                  | Int-3}
  8000 | D:7      | Reached skill level 8 in Earth Magic
  8209 | D:8      | Found a snail-covered altar of Cheibriados.
  8506 | D:8      | Reached XP level 10. HP: 58/58 MP: 9/19
  8713 | D:8      | Noticed a boulder beetle
  9255 | D:9      | Noticed a two-headed ogre
  9401 | D:9      | Found a radiant altar of Vehumet.
  9403 | D:9      | Found a basalt altar of Yredelemnul.
  9405 | D:9      | Found a broken altar of Ashenzari.
  9405 | D:9      | Found an opulent altar of Gozag.
  9550 | D:9      | Killed a two-headed ogre
  9551 | D:9      | Reached skill level 9 in Earth Magic
  9742 | D:9      | Reached skill level 5 in Fighting
  9770 | D:9      | Found a shimmering altar of Xom.
 10095 | D:10     | Entered Level 10 of the Dungeon
 10120 | D:10     | Found a staircase to the Lair.
 10134 | D:10     | Reached skill level 5 in Armour
 10285 | D:10     | Reached XP level 11. HP: 64/64 MP: 17/21
 10407 | D:10     | Noticed Psyche
 10420 | D:10     | Cast into level 1 of the Abyss (Psyche)
 10570 | Abyss:1  | Noticed a great orb of eyes
 10574 | Abyss:1  | Noticed a rakshasa
 10597 | Abyss:1  | Killed from afar by a rakshasa

Illustrated notes

Levels and vault maps discovered:
D:1:      minmay_arrival_hallway, layout_basic, hangedman_feature_mirror,
          minmay_misc_feat_ornament, dk_noncrumbling_2
D:2:      minmay_alternating_diamond, layout_loops_ring, eino_tiny_chamber,
          kennysheep_generic_room_8
D:3:      layout_loops_corners, dancing_weapons_uskayaw,
          nicolae_ecumenical_oubliette, serial_bayou_crossing
D:4:      layout_basic, serial_curves, eino_curves_04, eino_curves_03
D:5:      layout_gridville, nzn_hepliaklqana_mist_gate,
          mainiacjoe_overflow_concentric_impassable, okawaru_metal_pillars_1_2,
          temple_doors_cd, uniq_sigmund
D:6:      layout_cave_pools, bloody_makhleb, serial_column_ruins,
          column_ruins_hut_pillars, column_ruins_hut, column_ruins_grid_1,
          column_ruins_grid_1, column_ruins_open_small,
          column_ruins_columns_dead_end, kennysheep_diamond, uniq_maggie
D:7:      layout_cave_pools, bloody_trog
D:8:      layout_cave_pools, lemuel_doored_altar, serial_column_ruins,
          column_ruins_hut_ruined, column_ruins_columns_straight,
          column_ruins_open_large, column_ruins_open_tiny,
          column_ruins_open_small, grunt_potential
D:9:      layout_rooms, xom_teletrap_fun, mainiacjoe_overflow_alcove_3
D:10:     layout_loops_ring, nicolae_dithmenos_shadow_blocks,
          minmay_lair_entry_grove, kennysheep_orc_monster_closet_entryway,
          wad_rectangle_vault, uniq_psyche
Temple:   nicolae_temple_figure_zero
Abyss:1:  base:
D:8

Skill      XL: |  1  2  3  4  5  6  7  8  9 10 11 |
---------------+----------------------------------+-----
Transmutations | 1 |  1.3
Earth Magic    | 4 5 6 7 8 9 |  9.8
Dodging        | 2 3 4 |  4.7
Stealth        | 3 4 5 6 |  6.8
Fighting       | 1 2 3 4 5 |  5.5
Conjurations   | 1 2 3 5 6 7 8 |  8.0
Armour         | 1 2 3 4 5 |  5.4
Spellcasting   | 3 4 5 6 7 |  7.3

Action                   |  1- 3 |  4- 6 |  7- 9 | 10-12 || total
-------------------------+-------+-------+-------+-------++-------
Melee: Unarmed           |    10 |       |       |       ||    10
       Dagger            |    43 |     4 |       |       ||    47
       Punch             |     1 |     2 |       |     2 ||     5
       Short sword       |       |    78 |    20 |       ||    98
       Mace              |       |       |    46 |    65 ||   111
 Cast: Sandblast         |    27 |    65 |    47 |    58 ||   197
       Stone Arrow       |       |       |    75 |    41 ||   116
  Use: Potion            |       |     1 |     1 |     4 ||     6
       Scroll            |       |       |     8 |     8 ||    16
 Stab: Sleeping          |     5 |     2 |     1 |       ||     8
Armor: Robe              |    18 |    14 |       |       ||    32
       Ring mail         |       |    61 |    90 |    48 ||   199
       Plate armour      |       |       |       |    72 ||    72
Dodge: Dodged            |    36 |    81 |   115 |    68 ||   300
